 Dungeon Crawl Stone Soup version 0.20.0-15-g7f486f2 (webtiles) character file.

60 Hook the Charmwright (level 4, 0/27 HPs)
             Began as a Gargoyle Skald on June 26, 2017.
             Slain by a gnoll (5 damage)
             ... on level 2 of the Dungeon.
             The game lasted 00:05:52 (1510 turns).

Hook the Charmwright (Gargoyle Skald)               Turns: 1510, Time: 00:05:53

Health: 0/27       AC:  6    Str: 16    XL:     4   Next: 6%
Magic:  2/7        EV: 12    Int: 13    God:
Gold:   88         SH:  0    Dex:  9    Spells: 1/7 levels left

rFire    . . .     SeeInvis .   a - +0 mace
rCold    . . .     Gourm    .   (no shield)
rNeg     + . .     Faith    .   b - +0 leather armour
rPois    ∞         Spirit   .   (no helmet)
rElec    +         Reflect  .   (no cloak)
rCorr    .         Harm     .   (no gloves)
MR       .....                  (no boots)
Stlth    +.........             (no amulet)
Regen    0.1/turn               (no ring)
MPRegen  0.1/turn               (no ring)

@: infused, singing
A: negative energy resistance 1, electricity resistance, unbreathing,
petrification resistance, rot immunity, AC +3
a: no special abilities


You were on level 2 of the Dungeon.
You were not hungry.

You visited 1 branch of the dungeon, and saw 2 of its levels.

You collected 88 gold pieces.

Inventory:

Hand Weapons
 a - a +0 mace (weapon)
Armour
 b - a +0 leather armour (worn)
Scrolls
 f - a scroll of identify {unknown}
 h - a scroll of fear {unknown}
Potions
 e - a potion of curing {unknown}
Books
 c - a book of Battle

   Spells                             Type                      Level
   a - Infusion                       Charms                       1
   b - Shroud of Golubria             Charms/Translocation         2
   c - Song of Slaying                Charms                       2
   d - Spectral Weapon                Hexes/Charms                 3
   e - Regeneration                   Charms/Necromancy            3
Comestibles
 d - a bread ration
 g - a meat ration
 i - a royal jelly


   Skills:
 * Level 2.5 Fighting
 + Level 2.4 Maces & Flails
 * Level 1.8 Armour
 + Level 1.9 Dodging
 * Level 2.3 Spellcasting
 + Level 3.2 Charms


You had one spell level left.
You knew the following spells:

 Your Spells              Type           Power        Failure   Level  Hunger
a - Infusion              Chrm           #...         8%          1    #......
b - Song of Slaying       Chrm           #.......     12%         2    ###....
c - Regeneration          Chrm/Necr      #.........   43%         3    ###....


Dungeon Overview and Level Annotations

Branches:
Dungeon (2/15)

Altars:


Innate Abilities, Weirdness & Mutations

You are resistant to torment.
Your stone body is resilient. (AC +3)
You are immune to poison.
You resist negative energy. (rN+)
You are resistant to electric shocks. (rElec)
You can survive without breathing.
You are immune to petrification.
You are immune to rotting.


Message History

You tear a large gash into the net.
The gnoll hits you but does no damage.
You struggle against the net.
The gnoll hits you with a club.
You rip the net and break free!
The gnoll hits you with a club. The gnoll hits you but does no damage.
You hit the gnoll!
The gnoll is severely wounded.
The gnoll closely misses you. The gnoll barely misses you.
You completely miss the gnoll.
The gnoll is severely wounded.
The gnoll hits you from afar with a spear.
The gnoll hits you with a club.
* * * LOW HITPOINT WARNING * * *
You hit the gnoll.
You kill the gnoll!
You have reached level 4!
You feel stronger. The gnoll hits you but does no damage. The gnoll misses you.
The gnoll hits you but does no damage. The gnoll closely misses you.
The gnoll hits you.
You die...

#... #.....#.# ...
...#.###.#####
..####.....# #.....#
#...##.....# #####.# ..
+..........# #.#
...##..g.#.....#######.#
.......g.......#.......#
#.g..# ####.#### #.#@.#
#####.# #..##.#..#
#.....#
#>.......######.#####
##.#.....##.....#
#....##.##.#.#.#
####.).....#...#
####.######## #.# #.#


You could see 3 gnolls.

Vanquished Creatures
  A gnoll (D:2)
  An ooze (D:1)
  3 leopard geckos (D:2)
  7 bats
  2 giant cockroaches (D:1)
  5 goblins
  7 hobgoblins
  2 jackals (D:1)
  3 frilled lizards
  6 kobolds
  2 rats (D:1)
39 creatures vanquished.

Notes
Turn   | Place    | Note
-------+----------+-------------------------------------------
     0 | D:1      | Hook the Gargoyle Skald began the quest for the Orb.
     0 | D:1      | Reached XP level 1. HP: 12/12 MP: 3/3
    83 | D:1      | Reached skill level 3 in Charms
    83 | D:1      | Reached XP level 2. HP: 12/17 MP: 0/5
   616 | D:1      | Reached XP level 3. HP: 21/22 MP: 2/6
  1131 | D:2      | Learned a level 2 spell: Song of Slaying
  1135 | D:2      | Learned a level 3 spell: Regeneration
  1509 | D:2      | Reached XP level 4. HP: 5/27 MP: 2/7
  1510 | D:2      | Slain by a gnoll

Skill      XL: |  1 |
---------------+----+-----
Charms         | 3 |  3.2
Fighting       | |  2.5
Maces & Flails | |  2.4
Armour         | |  1.8
Dodging        | |  1.9
Spellcasting   | |  2.3

Action                   |  1- 3 |  4- 6 || total
-------------------------+-------+-------++-------
Melee: Mace              |   121 |       ||   121
 Cast: Infusion          |    20 |       ||    20
       Song of Slaying   |     2 |       ||     2
       Regeneration      |     1 |       ||     1
  Eat: Chunk             |     3 |       ||     3
Armor: Leather armour    |    73 |     2 ||    75
Dodge: Dodged            |    95 |     2 ||    97
